 Dungeon Crawl Stone Soup version 0.29-a0-40-g8eb35efe60 (webtiles) character file.

Game seed: 4541823900239263005

3331 ragingrage the Ogre Mage (level 10, 0/94 HPs)
             Began as an Ogre Fire Elementalist on Feb 1, 2022.
             Was a Follower of Vehumet.
             Shot with an arrow by a centaur warrior (15 damage)
             ... on level 9 of the Dungeon.
             The game lasted 00:10:06 (11727 turns).

ragingrage the Ogre Mage (Ogre Fire Elementalist)  Turns: 11727, Time: 00:10:06

Health: 0/94       AC:  4    Str: 14    XL:     10   Next: 2%
Magic:  21/21      EV: 15    Int: 20    God:    Vehumet [*.....]
Gold:   530        SH:  0    Dex: 11    Spells: 10/23 levels left

rFire   + . .      SeeInvis .   G - staff of poison
rCold   + . .      Faith    .   (no shield)
rNeg    . . .      Spirit   .   a - +0 robe
rPois   +          Reflect  .   (helmet restricted)
rElec   .          Harm     .   o - +0 cloak {rPois}
rCorr   +          Rampage  .   (gloves unavailable)
Will    +....                   (boots unavailable)
Stlth   ++........              J - amulet of regeneration
HPRegen 1.05/turn               C - ring "Woes" {rF+ rC+ rCorr Dex+2 Slay-6}
MPRegen 0.17/turn               H - +4 ring of evasion

@: no status effects
A: large, unfitting armour, tough skin 1
a: Renounce Religion


You were on level 9 of the Dungeon.
You worshipped Vehumet.
Vehumet was aware of your devotion.
You visited 2 branches of the dungeon, and saw 10 of its levels.
You also visited: Sewer.

You collected 530 gold pieces.

Inventory:

Hand Weapons
 y - a +1 flail of holy wrath
Missiles
 g - a throwing net (quivered)
 p - 18 poisoned darts
Armour
 a - a +0 robe (worn)
 o - a +0 cloak of poison resistance (worn)
Magical Staves
 G - a staff of poison (weapon)
Jewellery
 C - the ring "Woes" (left hand) {rF+ rC+ rCorr Dex+2 Slay-6}
   (You found it on level 5 of the Dungeon)

   [ring of protection from fire]

   Dex:       It affects your dexterity (+2).
   Slay:      It affects your accuracy & damage with ranged weapons and melee
   (-6).
   rF:        It protects you from fire.
   rC:        It protects you from cold.
   rCorr:     It protects you from acid and corrosion.
 H - a +4 ring of evasion (right hand)
 J - an amulet of regeneration (around neck)
 M - a ring of protection from fire
Wands
 m - a wand of acid (12)
 L - a wand of charming (2)
Scrolls
 e - 3 scrolls of blinking
 i - 3 scrolls of teleportation {unknown}
 j - a scroll of holy word {unknown}
 k - 2 scrolls of amnesia {unknown}
 n - 2 scrolls of fear {unknown}
 q - 3 scrolls of enchant weapon
 r - a scroll of identify
 t - a scroll of immolation {unknown}
 B - a scroll of summoning {unknown}
 E - a scroll of fog {unknown}
 I - 2 scrolls of brand weapon {unknown}
 K - 2 scrolls of vulnerability {unknown}
 N - a scroll of magic mapping {unknown}
 O - a scroll of enchant armour {unknown}
Potions
 b - 3 potions of berserk rage
 c - 2 potions of invisibility
 d - a potion of magic {unknown}
 f - a potion of cancellation {unknown}
 h - a potion of ambrosia {unknown}
 l - a potion of mutation {unknown}
 s - 2 potions of curing {unknown}
 u - 2 potions of brilliance {unknown}
 v - 7 potions of lignification {unknown}
 w - a potion of haste {unknown}
 x - a potion of attraction {unknown}
 z - a potion of flight {unknown}
 A - 2 potions of heal wounds {unknown}
 F - a potion of experience {unknown}
Miscellaneous
 D - a phial of floods


   Skills:
 + Level 4.8 Fighting
 - Level 5.0 Dodging
 - Level 4.3 Stealth
 + Level 7.4 Spellcasting
 + Level 5.8 Conjurations
 + Level 6.4 Fire Magic


You had 10 spell levels left.
You knew the following spells:

 Your Spells              Type           Power      Damage    Failure   Level
a - Foxfire               Conj/Fire      100%       2x1d9     1%          1
b - Scorch                Fire           66%        2d8       1%          2
c - Conjure Flame         Conj/Fire      32%        6-21      2%          3
d - Mephitic Cloud        Conj/Pois/Air  22%        N/A       12%         3
e - Flame Wave            Conj/Fire      32%        2d8       7%          4

Your spell library contained the following spells:

 Spells                   Type           Power      Damage    Failure   Level
 Sandblast                Erth           14%        2d6       9%          1
 Static Discharge         Conj/Air       19%        N/A       4%          2
 Inner Flame              Hex/Fire       20%        N/A       7%          3
 Animate Skeleton         Necr           14%        N/A       9%          1
 Apportation              Tloc           14%        N/A       9%          1
 Summon Small Mammal      Summ           28%        N/A       9%          1
 Ignite Poison            Fire/Tmut/Pois 24%        N/A       11%         3
 Lightning Bolt           Conj/Air       9%         1d22      58%         5
 Cause Fear               Hex            3%         N/A       65%         4
 Freezing Cloud           Conj/Ice/Air   7%         6-21      75%         5
 Dragon Form              Tmut           3%         N/A       100%        7
 Maxwell's Capacitive Co  Air            3%         ∞         100%        8
 Dragon's Call            Summ           3%         N/A       100%        9


Dungeon Overview and Level Annotations

Branches:
Dungeon (9/15)             Temple (1/1) D:7           Sewer (visited)
   Lair: D:8-11         Orc: D:9-12

Altars:
Ashenzari
Cheibriados
Dithmenos
Elyvilon
Fedhas
Hepliaklqana
Kikubaaqudgha
Makhleb
Nemelex Xobeh
Okawaru
Ru
Sif Muna
Trog
Uskayaw
Vehumet
Wu Jian
Xom
Yredelemnul
Zin
The Shining One

Shops:
D:5 (   D:9 *

Annotations:
D:3 2 transporters, Sigmund
D:5 3 runed translucent doors, Snarg's ghost, amateur DgWn


Innate Abilities, Weirdness & Mutations

You are too large for most types of armour.
You have tough skin. (AC +1)


Message History

Unknown command.
Found a quarterstaff.
Found Beiteg's Lightly-Used Armoury.
There is an entrance to Beiteg's Lightly-Used Armoury here.
You can access your shopping list by pressing '$'.
You see here a +0 quarterstaff.
You open the door.
There is an open door here.
You open the door.
There is an open door here.
You open the door.
There is an open door here.
As you open the door, it creaks loudly!
Found a stone staircase leading down.
There is an open door here.
You now have 530 gold pieces (gained 18). 4 yaks come into view.
There are monsters nearby!
What are your orders? t - Shout!
Orders for allies: a - Attack new target. r - Retreat! s - Stop attacking. g - Guard the area. f - Follow me.
Anything else - Cancel.
You shout for attention!
You hear a howl!
You hear a bellow! x4
You hear a shout!
You hear a bellow!
You start waiting.
A centaur warrior comes into view.
A howler monkey comes into view.
The centaur warrior wields a +0 shortbow.
The centaur warrior shoots an arrow.
The arrow hits you!!
The centaur warrior shoots an arrow.
The arrow hits you!
The centaur warrior shoots an arrow.
The arrow hits you!
You start resting.
A centaur warrior is nearby!
The centaur warrior shoots an arrow.
The arrow hits you!!
The centaur warrior shoots an arrow.
The arrow hits you!!
* * * LOW HITPOINT WARNING * * *
The centaur warrior shoots an arrow.
The arrow hits you!
You die...

#.....# ......
#.....#######......
#.##...............
#.##..#####.#######
#.....#.........#
#.....#.........#
####..#.........#.#
#######....#.........#.## ..
.#....##....@.............
.....#..........#.........#.#.
.#...#>.........#.c.......#.#
.#...+..........#.........# #
.#...#....##'##.#.........#
.#...#....#.....#####.#####
.....######.###.# #....#
<...........# #.# ###.#.#
......###...# .#..#


You could see a centaur warrior.

Vanquished Creatures
  Pikel (D:8)
  Edmund (D:5)
  An ice beast (D:4)
  4 ogres
  4 necrophages
  2 centaurs
  2 phantoms
  5 bullfrogs
  A gnoll sergeant (D:8)
  4 scorpions
  5 wights
  3 bullfrog zombies
  A centaur zombie (D:5)
  2 hounds
  A centaur skeleton (D:4)
  An orc priest (D:5)
  2 jellies
  2 bullfrog skeletons (D:6)
  A gnoll shaman (D:8)
  3 iguanas
  Ijyb (D:5)
  A killer bee zombie (D:8)
  2 howler monkey zombies
  3 gnolls (D:8)
  2 river rats (D:6)
  11 adders
  A shadow imp (D:8)
  3 white imps
  An adder skeleton (D:4)
  4 worms
  A dart slug (D:3)
  16 orcs
  10 endoplasms
  11 giant cockroaches
  10 goblins
  4 hobgoblins
  3 jackals (D:3)
  9 quokkas
  14 ball pythons
  5 bats
  11 frilled lizards
  6 kobolds
  9 rats
184 creatures vanquished.

Vanquished Creatures (others)
  659 foxfires
  15 plants (D:8)
674 creatures vanquished.

Grand Total: 858 creatures vanquished

Notes
Turn   | Place    | Note
-------+----------+-------------------------------------------
     0 | D:1      | ragingrage the Ogre Fire Elementalist began the quest for
                  | the Orb.
     0 | D:1      | Reached XP level 1. HP: 16/16 MP: 3/3
   150 | D:1      | Reached skill level 1 in Conjurations
   645 | D:1      | Reached XP level 2. HP: 24/24 MP: 2/5
   648 | D:1      | Learned a level 2 spell: Scorch
  1978 | D:2      | Reached XP level 3. HP: 31/31 MP: 4/7
  2010 | D:2      | Found a faded altar of an unknown god.
  2909 | D:3      | Reached skill level 3 in Spellcasting
  2975 | D:3      | Found a bloodstained altar of Trog.
  2982 | D:3      | Reached XP level 4. HP: 19/39 MP: 1/8
  3132 | D:3      | Found a sparkling altar of Nemelex Xobeh.
  3228 | D:3      | Found a snail-covered altar of Cheibriados.
  3268 | D:3      | Found a transporter.
  3278 | D:3      | Noticed a scorpion
  3297 | D:3      | Killed a scorpion
  3298 | D:3      | Reached XP level 5. HP: 37/45 MP: 0/10
  3719 | D:3      | Found a transporter.
  3902 | D:3      | Noticed Sigmund
  3909 | D:3      | Learned a level 3 spell: Conjure Flame
  3913 | D:3      | Learned a level 3 spell: Mephitic Cloud
  4137 | D:4      | Found Peiw's Antique Weapon Shop.
  4250 | D:4      | Noticed a phantom
  4256 | D:4      | Killed a phantom
  4257 | D:4      | Reached XP level 6. HP: 53/53 MP: 4/11
  4689 | D:4      | Reached skill level 4 in Spellcasting
  4798 | D:4      | Identified the +6 ring mail "Paqyniyd" {Stlth+}
  4832 | D:4      | Found a shimmering altar of Xom.
  4882 | D:4      | Noticed a necrophage
  4887 | D:4      | Killed a necrophage
  4888 | D:4      | Reached XP level 7. HP: 54/59 MP: 4/13
  4971 | D:4      | Found a broken altar of Ashenzari.
  5495 | D:5      | Entered Level 5 of the Dungeon
  5565 | D:5      | Found Ybuu's Weapon Boutique.
  5885 | D:5      | Reached XP level 8. HP: 67/67 MP: 4/15
  6081 | D:5      | Noticed Edmund
  6115 | D:5      | Found a glowing golden altar of the Shining One.
  6226 | D:5      | Reached skill level 5 in Spellcasting
  6341 | D:5      | Found a blossoming altar of Fedhas.
  6342 | D:5      | Found an ancient bone altar of Kikubaaqudgha.
  6381 | D:5      | Killed Edmund
  6500 | D:5      | Found a runed translucent gate.
  6500 | D:5      | Found a runed translucent gate.
  6500 | D:5      | Found a runed translucent gate.
  6559 | D:5      | Noticed Ijyb
  6568 | D:5      | Killed Ijyb
  6768 | D:5      | Learned a level 4 spell: Flame Wave
  6930 | D:5      | Noticed Snarg's ghost (amateur DgWn)
  7011 | D:5      | Identified the ring "Woes" {rF+ rC+ rCorr Dex+2 Slay-6}
  7141 | D:5      | Reached skill level 5 in Fire Magic
  7893 | D:6      | Found a glowing drain.
  7897 | Sewer    | Entered a sewer
  8417 | Sewer    | Reached XP level 9. HP: 74/74 MP: 12/17
  8751 | D:6      | Reached skill level 5 in Dodging
  8751 | D:6      | Reached skill level 6 in Spellcasting
  8920 | D:6      | Reached skill level 1 in Fighting
  9635 | D:7      | Found a staircase to the Ecumenical Temple.
  9642 | Temple   | Entered the Ecumenical Temple
  9695 | Temple   | Became a worshipper of Vehumet
  9920 | D:7      | Reached skill level 5 in Conjurations
 10452 | D:8      | Noticed Pikel
 10880 | D:8      | Killed Pikel
 10881 | D:8      | Reached skill level 7 in Spellcasting
 11087 | D:8      | Reached * piety under Vehumet
 11087 | D:8      | Offered knowledge of Sandblast by Vehumet.
 11284 | D:8      | Reached XP level 10. HP: 94/94 MP: 17/21
 11601 | D:8      | Found a glowing silver altar of Zin.
 11601 | D:8      | Noticed an angel
 11620 | D:9      | Found Beiteg's Lightly-Used Armoury.
 11717 | D:9      | Noticed a centaur warrior
 11727 | D:9      | Shot with an arrow by a centaur warrior

Illustrated notes

Levels and vault maps discovered:
D:1:      onia_arrival_pyramid, layout_loops_cross, serial_co_window_serial,
          co_window_corner_a, co_window_paths_a, co_window_paths_a,
          co_window_paths_a, co_window_paths_b, co_window_broadway_c,
          co_window_broadway_c, co_window_cross_4, co_window_broadway_c,
          co_window_paths_d, glass_columns_a, glass_columns_a, glass_columns_c
D:2:      layout_basic, hellmonk_ecumenical_altar_crossroads, serial_glass,
          glass_columns_a, glass_columns_b, feat_on_display, item_on_display_a
D:3:      kennysheep_the_goblin_king, layout_rooms,
          gammafunk_temple_overflow_arena, minmay_misc_feat_alley, uniq_sigmund
D:4:      layout_loops_cross, mainiacjoe_overflow_concentric_impassable,
          mainiacjoe_overflow_boulevard, serial_shops,
          nicolae_shop_behind_doors, dk_noncrumbling_4, minivault_19
D:5:      layout_basic, grunt_temple_overflow_growth_and_decay,
          mainiacjoe_overflow_surrounded_room, gammafunk_ghost_necromancy,
          serial_shops, nicolae_diamond_shop, uniq_edmund, uniq_ijyb
D:6:      layout_rooms, gup_sewer_entry_spiral
D:7:      layout_basic, temple_doors_ab
D:8:      kennysheep_six_static_rooms, layout_cave_pools, zin_angel,
          nicolae_grassy_gnolls, uniq_pikel
D:9:      minmay_the_grid_4x2 [minmay_the_grid_box_x, minmay_the_grid_paths,
          minmay_the_grid_medium_cups, minmay_the_grid_stretched_grid,
          minmay_the_grid_doors, minmay_the_grid_spin_star,
          minmay_the_grid_empty, minmay_the_grid_prize_inner_circle],
          layout_stronghold, minmay_shop_damaged
Temple:   nicolae_temple_god_jail

Skill      XL: |  1  2  3  4  5  6  7  8  9 |
---------------+----------------------------+-----
Conjurations   | 1 2 3 4 5 |  5.8
Dodging        | 2 3 4 5 |  5.0
Fire Magic     | 3 4 5 6 |  6.4
Spellcasting   | 3 4 5 7 |  7.4
Stealth        | 2 3 4 |  4.3
Fighting       | 4 |  4.8

Action                   |  1- 3 |  4- 6 |  7- 9 | 10-12 || total
-------------------------+-------+-------+-------+-------++-------
Melee: Unarmed           |     8 |       |       |       ||     8
       Short sword       |    33 |       |       |       ||    33
       Dagger            |     1 |    12 |    24 |       ||    37
       Flail             |       |       |    21 |       ||    21
       Punch             |       |       |     2 |       ||     2
       Staff             |       |       |     2 |       ||     2
Throw: Throwing net      |       |     1 |       |       ||     1
 Cast: Foxfire           |    98 |    84 |   225 |     4 ||   411
       Scorch            |       |    13 |    82 |       ||    95
  Use: Scroll            |       |       |       |     3 ||     3
 Stab: Sleeping          |       |     1 |     1 |       ||     2
Armor: Robe              |    14 |     6 |    26 |       ||    46
Dodge: Dodged            |    33 |    10 |    67 |       ||   110

Table legend: (Time is in decaauts)
 A = Elapsed time spent in this place.
 B = Non-inter-level travel time spent in this place.
 C = Inter-level travel time spent in this place.
 D = Time resting spent in this place.
 E = Time spent auto-exploring this place.
 F = Levels seen in this place.
 G = Mean time per level.
                   A        B        C        D        E       F      G
               +--------+--------+--------+--------+--------+-----+--------+
         Total |  11838 |  11444 |    394 |   2303 |   7433 |  11 | 1076.2 |
       Dungeon |  11123 |  10765 |    358 |   2214 |   7023 |   9 | 1235.9 |
        Temple |     70 |     34 |     36 |      0 |     24 |   1 |   70.0 |
         Sewer |    643 |    643 |      0 |     89 |    385 |   1 |  643.0 |
               +--------+--------+--------+--------+--------+-----+--------+

Top non-repeatable levels by time:
     D:5: 2043 daAuts
     D:2: 1567 daAuts
     D:1: 1548 daAuts
     D:7: 1427 daAuts
     D:4: 1386 daAuts
     D:8: 1059 daAuts
     D:3: 1016 daAuts
     D:6: 960 daAuts
   Sewer: 643 daAuts
     D:9: 112 daAuts
  Temple: 70 daAuts
